cohdb
Replays
Latest Replays
All Replays
Popular Replays
Top Player Replays
Match Explorer
How It Works
Community
CoH3 Stats
Reddit
Sign in to upload your games and track your stats! →
Sign in with Steam
Match 39984686
Unlisted
Match 39984686
Overview
Messages
Build Orders
End
Construct Infanterie Kompanie
Selects Terror Battlegroup
Selects Terror Battlegroup
Kettenkrad Recon Vehicle
MG 42 Machine Gun Team
Grenadier Squad
Grenadier Squad
Construct Luftwaffe Kompanie
221 Scout Car
Selects Heavy Gunnery
Mansonfreakss
leonidas
Nashorn101
Rangefinder
J18Smith
XYZ
0
0
Comments
sign in to comment!
No comments posted yet!